 Dungeon Crawl Stone Soup version 0.21.1-1-g345015f (webtiles) character file.

55 shakethe the Chopper (level 3, -2/28 HPs)
             Began as a Demonspawn Gladiator on Feb 27, 2018.
             Slain by an adder (3 damage)
             ... on level 2 of the Dungeon.
             The game lasted 00:01:39 (846 turns).

shakethe the Chopper (Demonspawn Gladiator)          Turns: 846, Time: 00:01:40

Health: -2/28      AC:  3    Str: 14    XL:     3   Next: 67%
Magic:  3/3        EV: 11    Int: 10    God:
Gold:   72         SH:  3    Dex: 14    Spells: 2/2 levels left

rFire    . . .     SeeInvis .   a - +0 war axe
rCold    . . .     Gourm    .   k - +0 buckler
rNeg     . . .     Faith    .   b - +0 leather armour
rPois    .         Spirit   .   (helmet restricted)
rElec    .         Reflect  .   (no cloak)
rCorr    .         Harm     .   (no gloves)
MR       .....                  (no boots)
Stlth    +.........             h - amulet of regeneration {+regen, !d}
HPRegen  0.49/turn              (no ring)
MPRegen  0.08/turn              (no ring)

@: lethally poisoned (-2 -> -3), drained
A: horns 1, powered by pain 1
a: no special abilities


You were on level 2 of the Dungeon.
You were not hungry.

You visited 1 branch of the dungeon, and saw 2 of its levels.

You collected 72 gold pieces.

Inventory:

Hand Weapons
 a - a +0 war axe (weapon)
Missiles
 d - 3 throwing nets {=f, !d}
Armour
 b - a +0 leather armour (worn)
 c - a +0 helmet
 k - a +0 buckler (worn)
   (You found it on level 1 of the Dungeon)
Jewellery
 h - an amulet of regeneration (around neck) {+regen, !d}
   (You found it on level 1 of the Dungeon)
 i - an uncursed amulet of harm
   (You found it on level 1 of the Dungeon)
Scrolls
 e - 2 scrolls of teleportation {unknown}
 g - a scroll of remove curse {unknown}
Potions
 j - a potion of flight {unknown}
 l - a potion of degeneration {unknown}
 m - a potion of brilliance {unknown}
 n - a potion of curing {unknown}
 o - a potion of agility {unknown}
Comestibles
 f - 2 rations


   Skills:
 + Level 2.5(1.5) Fighting
 * Level 3.4(2.4) Axes
 - Level 1.7(0.8) Throwing
 + Level 3.1(2.1) Dodging
 + Level 0.7(0.0) Shields


You had 2 spell levels left.
You didn't know any spells.

Dungeon Overview and Level Annotations

Branches:
Dungeon (2/15)

Altars:


Innate Abilities, Weirdness & Mutations

You have a pair of small horns on your head.
You sometimes gain a little power by taking damage.


Message History

The bat hits you but does no damage. The bat hits you but does no damage.
The bat closely misses you. x2
You block the bat's attack.
You barely miss the bat. The bat misses you. The bat completely misses you.
Found a stone staircase leading up.
The bat hits you but does no damage.
You closely miss the bat. The bat closely misses you.
The bat barely misses you. The bat hits you but does no damage.
A hobgoblin comes into view. It is wielding a club.
The bat barely misses you. The bat hits you.
You take 1 damage, and have 27/28 hp.
You slash the bat!
You kill the bat!
Health restored: 28 You see here a bat corpse.
You hit the hobgoblin.
The hobgoblin hits you but does no damage.
The hobgoblin closely misses you.
A hobgoblin is nearby!
You hit the hobgoblin. You block the hobgoblin's attack.
You hit the hobgoblin.
You kill the hobgoblin!
No target in view!
You now have 53 gold pieces (gained 18).
n - a puce potion You now have 61 gold pieces (gained 8).
You now have 72 gold pieces (gained 11).
e - 2 scrolls labeled ABE TAREWIDGHU (gained 1)
Things that are here:
a club; a hobgoblin corpse An adder comes into view.
You barely miss the adder. The adder closely misses you. x2
You closely miss the adder. The adder bites you. x2
You are poisoned.
The adder poisons you!
You take 3 damage, and have 25/28 hp.
You closely miss the adder.
You feel sick. The adder closely misses you.
You barely miss the adder. The adder completely misses you.
The adder bites you but does no damage.
You slash the adder!
You feel sick. The adder bites you but does no damage.
The adder closely misses you.
You take 1 damage, and have 25/28 hp.
You barely miss the adder. The adder bites you.
The adder bites you but does no damage.
You take 3 damage, and have 22/28 hp.
You barely miss the adder.
You feel sick. The adder bites you.
You are more poisoned.
The adder poisons you! The adder barely misses you.
You take 1 damage, and have 21/28 hp.
You closely miss the adder. Your headbutt misses the adder.
You feel sick. The adder completely misses you. You block the adder's attack.
You take 1 damage, and have 20/28 hp.
You hit the adder.
You kill the adder!
You feel sick.
No target in view!
No target in view!
You start resting.
You feel sick. x7
You are no longer poisoned.
You regained 3 hp, and now have 24/28 hp.
Found 20 stones.
Found a stone staircase leading up.
o - a metallic green potion You start resting.
Health restored: 28 A leopard gecko and an adder come into view.
The adder hisses angrily.
A worm comes into view.
You miss the adder. The adder bites you but does no damage.
The adder bites you.
You take 4 damage, and have 24/28 hp.
You miss the adder. The adder bites you.
You are poisoned.
The adder poisons you! The adder bites you.
You take 6 damage, and have 18/28 hp.
MASSIVE DAMAGE!!
You closely miss the adder.
You feel sick. The adder closely misses you. The adder bites you.
You take 4 damage, and have 14/28 hp.
Unknown command.
You hit the adder. You slash the worm!
You feel sick. You block the adder's attack. The worm bites you.
* * * LOW HITPOINT WARNING * * *
You block the adder's attack.
You take 6 damage, and have 8/28 hp.
MASSIVE DAMAGE!!
You hit the adder. You hit the worm.
You feel sick. The adder bites you.
* * * LOW HITPOINT WARNING * * *
You block the worm's attack.
You take 5 damage, and have 3/28 hp.
Unknown command.
You hit the adder. Your headbutt misses the adder. You hit the worm.
The adder bites you.
* * * LOW HITPOINT WARNING * * *
You are lethally poisoned!
The adder poisons you! The adder bites you.
You die...

##.......#####.....##.#..
.....##........###.##...#
......#.......##....#...#
..............# .##....##
.............## . #....#
......<...(..##........#
........l.......#......#
.......#S####.###.....##
......##@# .# #.....
.....# #w....# #.....
##### ....### #.....
.....# #.....# #.....#
#.....# #######


You could see a worm, an adder and a leopard gecko.

Vanquished Creatures
  An iguana (D:2)
  An adder (D:2)
  2 bats
  2 giant cockroaches (D:1)
  5 hobgoblins
  4 kobolds
  3 rats (D:1)
18 creatures vanquished.

Notes
Turn   | Place    | Note
-------+----------+-------------------------------------------
     0 | D:1      | shakethe the Demonspawn Gladiator began the quest for the Orb.
     0 | D:1      | Reached XP level 1. HP: 16/16 MP: 1/1
   404 | D:1      | Reached skill level 3 in Axes
   433 | D:1      | Gained mutation: You sometimes gain a little power by taking damage. [demonic ancestry]
   433 | D:1      | Reached XP level 2. HP: 19/22 MP: 2/2
   662 | D:2      | Reached skill level 3 in Dodging
   662 | D:2      | Gained mutation: You have a pair of small horns on your head. [demonic ancestry]
   662 | D:2      | Reached XP level 3. HP: 13/28 MP: 3/3
   845 | D:2      | HP: 3/28 [adder (5)]
   846 | D:2      | HP: 1/28 [adder (2)]
   846 | D:2      | Slain by an adder

Skill      XL: |  1  2 |
---------------+-------+-----
Axes           | 3 |  3.4
Dodging        | 3 |  3.1
Fighting       | |  2.5
Throwing       | |  1.7
Shields        | |  0.7

Action                   || total
-------------------------++-------
Melee: War axe           ||    65
       Headbutt          ||     2
 Stab: Sleeping          ||     2
Armor: Leather armour    ||    31
Dodge: Dodged            ||    62
Block: Buckler           ||     9

Vault maps used:
D:1:      lordsloth_arrival_two_stooges

Table legend:
 A = Turns spent in this place as a percentage of turns spent in the entire game.
 B = Non-inter-level travel turns spent in this place as a percentage of non-inter-level travel turns spent in the entire game.
 C = Inter-level travel turns spent in this place as a percentage of turns spent in this place.
 D = Turns resting spent in this place as a percentage of non-inter-level travel turns spent in this place.
 E = Turns spent auto-exploring this place as a percentage of non-inter-level travel turns spent in this place.
 F = Non-inter-level travel turns spent in this place divided by the number of levels of this place that you've seen.
                   A       B       C       D       E      F
               +-------+-------+-------+-------+-------+----------------------
         Total | 100.0 | 100.0 |   4.1 |   6.0 |  71.8 | 405.5
       Dungeon | 100.0 | 100.0 |   4.1 |   6.0 |  71.8 | 405.5
               +-------+-------+-------+-------+-------+----------------------

Table legend:
 A = Kills in this place as a percentage of kills in entire the game.
 B = Kills by you in this place as a percentage of kills by you in the entire game.
 C = Kills by friends in this place as a percentage of kills by friends in the entire game.
 D = Other kills in this place as a percentage of other kills in the entire game.
 E = Experience gained in this place as a percentage of experience gained in the entire game.
 F = Experience gained in this place divided by the number of levels of this place that you have seen.
                   A       B       C       D       E      F
               +-------+-------+-------+-------+-------+----------------------
         Total | 100.0 | 100.0 |   N/A |   N/A | 100.0 |  39.5
       Dungeon | 100.0 | 100.0 |   N/A |   N/A | 100.0 |  39.5
               +-------+-------+-------+-------+-------+----------------------
